PL
PORTLAND EVERGREENS @ CHARLESTON BATTERY
08/21/2037
 
TOP OF THE 1ST
Portland Evergreens batting - Pitching for Charleston Battery : RHP Miguel Angel Martínez
Pitching: RHP Miguel Angel Martínez
Batting: SHB Willie McGirt 0-0: Called Strike
0-1: Ball
1-1: Ball
2-1: Foul Ball, location: 2F
2-2: Strikes out swinging
Batting: RHB Jeff Solís 0-0: Foul Ball, location: 2F
0-1: Ground out 5-3 (Groundball, 56S, EV 69.4 MPH)
Batting: RHB Blaze Alexander 0-0: Called Strike
0-1: Ground out 6-3 (Groundball, 56, EV 104.4 MPH)
Top of the 1st over - 0 runs, 0 hits, 0 errors, 0 left on base; Portland 0 - Charleston 0
BOTTOM OF THE 1ST
Charleston Battery batting - Pitching for Portland Evergreens : RHP Cristián Moreno
Pitching: RHP Cristián Moreno
Batting: RHB Mike Case 0-0: Ball
1-0: SINGLE (Groundball, 6MD, EV 98.8 MPH)
Batting: LHB Datu Lesaca 0-0: Ball
1-0: Fielders Choice at 2nd, 4-6 (Groundball, 4, EV 98.8 MPH)
Batting: LHB Joey Coco 0-0: Swinging Strike
0-1: Foul Ball, location: 2F
0-2: Fly out, F8 (Flyball, 8LXD, EV 102.5 MPH)
Batting: LHB Spencer Powell 0-0: Ball
1-0: Fly out, F9 (Flyball, 9S, EV 90.6 MPH)
Bottom of the 1st over - 0 runs, 1 hit, 0 errors, 1 left on base; Portland 0 - Charleston 0
TOP OF THE 2ND
Portland Evergreens batting - Pitching for Charleston Battery : RHP Miguel Angel Martínez
Batting: SHB Billy Dotson 0-0: Ball
1-0: Ground out 4-3 (Groundball, 4, EV 98.8 MPH)
Batting: LHB John Schaefer 0-0: Called Strike
0-1: Fly out, F7 (Flyball, 7S, EV 90.0 MPH)
Batting: LHB Jérôme Masson 0-0: Ground out 4-3 (Groundball, 4M, EV 106.2 MPH)
Top of the 2nd over - 0 runs, 0 hits, 0 errors, 0 left on base; Portland 0 - Charleston 0
BOTTOM OF THE 2ND
Charleston Battery batting - Pitching for Portland Evergreens : RHP Cristián Moreno
Batting: SHB Jasper Morrison 0-0: Called Strike
0-1: Ball
1-1: DOUBLE (Line Drive, 9LM, EV 115.0 MPH)
Batting: LHB Tural Bishara 0-0: Called Strike
0-1: Foul Ball, location: 2F
0-2: Ball
1-2: Ball
2-2: Ball
3-2: Base on Balls
Batting: RHB Paco Muñóz 0-0: Ball
1-0: Foul Ball, location: 2F
1-1: Foul Ball, location: 2F
1-2: Strikes out looking
Batting: LHB Vicente Gonzáles 0-0: Called Strike
0-1: Ball
1-1: Ball
2-1: Swinging Strike
2-2: Fly out, F9 (Flyball, 89S, EV 93.1 MPH)
Batting: RHB Khal Drogo 0-0: Swinging Strike
0-1: Ball
1-1: Ball
2-1: Fielders Choice at 2nd, 6-4 (Groundball, 6, EV 105.6 MPH)
Bottom of the 2nd over - 0 runs, 1 hit, 0 errors, 2 left on base; Portland 0 - Charleston 0
TOP OF THE 3RD
Portland Evergreens batting - Pitching for Charleston Battery : RHP Miguel Angel Martínez
Batting: RHB Armando Rodríguez 0-0: SINGLE (Groundball, 56S, EV 63.1 MPH) (infield hit)
Batting: RHB Yu-shu Tseng 0-0: Ball
1-0: Foul Ball, location: 2F
1-1: Grounds into double play, 5-4-3 (Groundball, 5L, EV 78.1 MPH)
Batting: RHB Pacu Martic 0-0: Called Strike
0-1: Ground out 3-1 (Groundball, 34, EV 100.6 MPH)
Top of the 3rd over - 0 runs, 1 hit, 0 errors, 0 left on base; Portland 0 - Charleston 0
BOTTOM OF THE 3RD
Charleston Battery batting - Pitching for Portland Evergreens : RHP Cristián Moreno
Batting: RHB Mike Case 0-0: Called Strike
0-1: Swinging Strike
0-2: Strikes out swinging
Batting: LHB Datu Lesaca 0-0: Ball
1-0: Foul Ball, location: 2F
1-1: Ball
2-1: Ground out 5-3 (Groundball, 6S, EV 83.8 MPH)
Batting: LHB Joey Coco 0-0: Ball
1-0: Ground out 4-3 (Groundball, 4, EV 99.4 MPH)
Bottom of the 3rd over - 0 runs, 0 hits, 0 errors, 0 left on base; Portland 0 - Charleston 0
TOP OF THE 4TH
Portland Evergreens batting - Pitching for Charleston Battery : RHP Miguel Angel Martínez
Batting: SHB Willie McGirt 0-0: Called Strike
0-1: Ball
1-1: Ball
2-1: Foul Ball, location: 2F
2-2: Ball
3-2: Foul Ball, location: 2F
3-2: Base on Balls
Batting: RHB Jeff Solís 0-0: Ball
1-0: Ball
2-0: Ball
3-0: Base on Balls
Willie McGirt to second
Batting: RHB Blaze Alexander 0-0: Swinging Strike
0-1: Fly out, F7 (Flyball, 7D, EV 87.5 MPH)
Batting: SHB Billy Dotson 0-0: Swinging Strike
0-1: Foul Ball, location: 2F
0-2: Grounds into double play, 4-6-3 (Groundball, 4, EV 100.6 MPH)
Top of the 4th over - 0 runs, 0 hits, 0 errors, 1 left on base; Portland 0 - Charleston 0
BOTTOM OF THE 4TH
Charleston Battery batting - Pitching for Portland Evergreens : RHP Cristián Moreno
Batting: LHB Spencer Powell 0-0: Called Strike
0-1: SINGLE (Line Drive, 89S, EV 95.0 MPH)
Batting: SHB Jasper Morrison 0-0: Called Strike
0-1: Ball
1-1: Ball
2-1: Fielders Choice at 2nd, 6-4 (Groundball, 6, EV 83.8 MPH)
Batting: LHB Tural Bishara 0-0: Ball
1-0: Called Strike
1-1: Grounds into double play, 4-6-3 (Groundball, 4, EV 99.4 MPH)
Bottom of the 4th over - 0 runs, 1 hit, 0 errors, 0 left on base; Portland 0 - Charleston 0
TOP OF THE 5TH
Portland Evergreens batting - Pitching for Charleston Battery : RHP Miguel Angel Martínez
Batting: LHB John Schaefer 0-0: Foul Ball, location: 2F
0-1: SINGLE (Groundball, 5D, EV 95.6 MPH)
Batting: LHB Jérôme Masson 0-0: Sac Bunt to 15S - play at second, runner OUT! 1-6
Batting: RHB Armando Rodríguez 0-0: Ball
1-0: Swinging Strike
1-1: Foul Ball, location: 2F
1-2: Ball
2-2: Ball
3-2: Strikes out swinging
Batting: RHB Yu-shu Tseng 0-0: Called Strike
0-1: Ball
Balk!
Jérôme Masson to second
1-1: Ball
2-1: Called Strike
2-2: Strikes out swinging
Top of the 5th over - 0 runs, 1 hit, 0 errors, 1 left on base; Portland 0 - Charleston 0
BOTTOM OF THE 5TH
Charleston Battery batting - Pitching for Portland Evergreens : RHP Cristián Moreno
Batting: RHB Paco Muñóz 0-0: Foul Ball, location: 2F
0-1: Ball
1-1: SINGLE (Groundball, 6MD, EV 97.5 MPH)
Batting: LHB Vicente Gonzáles 0-0: Bunted foul
0-1: Sac Bunt to P - play at first, batter OUT! 1-4
Paco Muñóz to second
Batting: RHB Khal Drogo 0-0: Ball
1-0: Ball
2-0: Called Strike
2-1: Ball
3-1: Base on Balls
Batting: RHB Mike Case 0-0: Called Strike
0-1: Ball
1-1: Ball
2-1: Called Strike
2-2: Ground out 5-3 (Groundball, 56S, EV 83.1 MPH)
Paco Muñóz to third
Khal Drogo to second
Batting: LHB Datu Lesaca 0-0: Called Strike
0-1: Ball
1-1: Ball
2-1: Foul Ball, location: 2F
2-2: SINGLE (Groundball, 4D, EV 102.5 MPH)
Paco Muñóz scores
Khal Drogo to third
Runner from 3rd tries for Home, SAFE, throw by CF to home
Batting: LHB Joey Coco 0-0: Called Strike
0-1: Swinging Strike
0-2: Ball
Datu Lesaca steals 2nd base
1-2: Ground out U3 (Groundball, 3, EV 103.8 MPH)
Bottom of the 5th over - 2 runs, 2 hits, 0 errors, 1 left on base; Portland 0 - Charleston 2
TOP OF THE 6TH
Portland Evergreens batting - Pitching for Charleston Battery : RHP Miguel Angel Martínez
Batting: RHB Pacu Martic 0-0: SINGLE (Line Drive, 7S, EV 98.8 MPH)
Batting: SHB Willie McGirt 0-0: Foul Ball, location: 2F
0-1: Ball
1-1: Called Strike
1-2: Ball
2-2: Fielders Choice at 2nd, 1-6 (Groundball, 34S, EV 75.6 MPH)
Batting: RHB Jeff Solís 0-0: Called Strike
0-1: SINGLE (Groundball, 34D, EV 102.5 MPH)
Willie McGirt to second
Runner from 2nd tries for 3rd, SAFE, throw by RF made to third
Batting: RHB Blaze Alexander 0-0: Called Strike
0-1: Ball
1-1: Grounds into double play, 6-4-3 (Groundball, 6, EV 105.0 MPH)
Top of the 6th over - 0 runs, 2 hits, 0 errors, 1 left on base; Portland 0 - Charleston 2
BOTTOM OF THE 6TH
Charleston Battery batting - Pitching for Portland Evergreens : RHP Cristián Moreno
Batting: LHB Spencer Powell 0-0: Called Strike
0-1: Foul Ball, location: 2F
0-2: Foul Ball, location: 2F
0-2: SINGLE (Groundball, 4MD, EV 97.5 MPH)
Batting: SHB Jasper Morrison 0-0: Ball
1-0: Fielders Choice at 2nd, 6-4 (Groundball, 6, EV 86.2 MPH)
Batting: LHB Tural Bishara 0-0: Ball
1-0: Called Strike
1-1: Ball
2-1: Swinging Strike
2-2: Ball
3-2: SINGLE (Groundball, 34D, EV 95.0 MPH)
Jasper Morrison to second
Jasper Morrison to third
Pitching: RHP Mark Zaugg
Batting: RHB Paco Muñóz 0-0: Ball
1-0: Called Strike
Tural Bishara steals 2nd base (no throw)
1-1: Called Strike
1-2: Ball
2-2: Ball
3-2: Foul Ball, location: 2F
3-2: Fly out, F9 (Flyball, 9S, EV 90.6 MPH)
Batting: LHB Vicente Gonzáles 0-0: Swinging Strike
0-1: Ball
1-1: SINGLE (Groundball, 34D, EV 97.5 MPH)
Jasper Morrison scores
Tural Bishara to third
Runner from 3rd tries for Home, SAFE, throw by RF to home
Batting: RHB Khal Drogo 0-0: Called Strike
0-1: Foul Ball, location: 2F
0-2: Ground out 4-3 (Groundball, 34, EV 81.9 MPH)
Bottom of the 6th over - 2 runs, 3 hits, 0 errors, 1 left on base; Portland 0 - Charleston 4
TOP OF THE 7TH
Portland Evergreens batting - Pitching for Charleston Battery : RHP Miguel Angel Martínez
Batting: SHB Billy Dotson 0-0: Fly out, F8 (Flyball, 8LS, EV 90.6 MPH)
Batting: LHB John Schaefer 0-0: Ball
1-0: Foul Ball, location: 2F
1-1: Swinging Strike
1-2: Ball
2-2: Ball
3-2: Strikes out swinging
Batting: LHB Jérôme Masson 0-0: Called Strike
0-1: Foul Ball, location: 2F
0-2: Ball
1-2: Ground out 4-3 (Groundball, 4M, EV 100.0 MPH)
Top of the 7th over - 0 runs, 0 hits, 0 errors, 0 left on base; Portland 0 - Charleston 4
BOTTOM OF THE 7TH
Charleston Battery batting - Pitching for Portland Evergreens : RHP Mark Zaugg
Batting: RHB Mike Case 0-0: SINGLE (Flyball, 3D, EV 94.4 MPH)
Pitching: RHP Vicente Durango
Batting: LHB Datu Lesaca 0-0: Called Strike
0-1: Bunted foul
0-2: Foul Ball, location: 2F
0-2: Ball
1-2: Foul Ball, location: 2F
1-2: Fly out, F7 (Line Drive, 7, EV 100.0 MPH)
Batting: LHB Joey Coco Pickoff Throw to First - Error! E1
Mike Case to second
0-0: Ball
1-0: Ball
2-0: Called Strike
2-1: Called Strike
2-2: Ground out 4-3 (Groundball, 4, EV 91.2 MPH)
Mike Case to third
Batting: LHB Spencer Powell 0-0: Called Strike
0-1: Fly out, F9 (Line Drive, 9, EV 94.4 MPH)
Bottom of the 7th over - 0 runs, 1 hit, 1 error, 1 left on base; Portland 0 - Charleston 4
TOP OF THE 8TH
Portland Evergreens batting - Pitching for Charleston Battery : RHP Miguel Angel Martínez
Batting: RHB Armando Rodríguez 0-0: Called Strike
0-1: Swinging Strike
0-2: Fly out, F3 (Popup, 3S, EV 83.8 MPH)
Batting: RHB Yu-shu Tseng 0-0: Foul Ball, location: 2F
0-1: Ball
1-1: Ball
2-1: DOUBLE (Flyball, 8RXD, EV 108.1 MPH)
Batting: RHB Pacu Martic 0-0: Swinging Strike
0-1: Called Strike
0-2: Ground out 4-3 (Groundball, 4D, EV 98.1 MPH)
Yu-shu Tseng to third
Batting: SHB Willie McGirt 0-0: Ball
1-0: Called Strike
1-1: Foul Ball, location: 2F
1-2: Ball
2-2: Fly out, F7 (Flyball, 7, EV 88.1 MPH)
Top of the 8th over - 0 runs, 1 hit, 0 errors, 1 left on base; Portland 0 - Charleston 4
BOTTOM OF THE 8TH
Charleston Battery batting - Pitching for Portland Evergreens : RHP Vicente Durango
Batting: SHB Jasper Morrison 0-0: Ball
1-0: Foul Ball, location: 2F
1-1: Ball
2-1: Called Strike
2-2: Ball
3-2: Ground out U3 (Groundball, 3, EV 96.2 MPH)
Batting: LHB Tural Bishara 0-0: Foul Ball, location: 2F
0-1: Swinging Strike
0-2: Strikes out swinging
Batting: RHB Paco Muñóz 0-0: Ball
1-0: Foul Ball, location: 2F
1-1: Foul Ball, location: 2F
1-2: Foul Ball, location: 2F
1-2: SINGLE (Groundball, 5D, EV 100.0 MPH)
Batting: LHB Vicente Gonzáles 0-0: Called Strike
0-1: Ball
1-1: Foul Ball, location: 2F
1-2: Strikes out swinging
Bottom of the 8th over - 0 runs, 1 hit, 0 errors, 1 left on base; Portland 0 - Charleston 4
TOP OF THE 9TH
Portland Evergreens batting - Pitching for Charleston Battery : RHP Miguel Angel Martínez
Batting: RHB Jeff Solís 0-0: Called Strike
0-1: Ball
1-1: Ball
2-1: Called Strike
2-2: Ball
3-2: Strikes out swinging
Batting: RHB Blaze Alexander 0-0: Called Strike
0-1: Ground out 5-3 (Groundball, 5, EV 85.6 MPH)
Batting: SHB Billy Dotson 0-0: Ball
1-0: Called Strike
1-1: Foul Ball, location: 2F
1-2: Fly out, F9 (Flyball, 9LSF, EV 89.4 MPH)
Top of the 9th over - 0 runs, 0 hits, 0 errors, 0 left on base; Portland 0 - Charleston 4
Thursday, January 23rd, 2020 - OOTP Baseball 20.8 Build 74